 Dungeon Crawl Stone Soup version 0.27.1-34-g3ba077fa99 (webtiles) character file.

Game seed: 1476269061490525757

4408 zeram the Blocker (level 10, -8/61 HPs)
             Began as a Gargoyle Fighter on Jan 21, 2022.
             Was a Believer of Qazlal.
             Mangled by a death yak (13 damage)
             ... on level 10 of the Dungeon.
             The game lasted 00:12:18 (8019 turns).

zeram the Blocker (Gargoyle Fighter)                Turns: 8019, Time: 00:12:19

Health: -8/61      AC: 20    Str: 23    XL:     10   Next: 36%
Magic:  10/10      EV: 14    Int:  9    God:    Qazlal [**....]
Gold:   270        SH: 15    Dex: 12    Spells: 9/9 levels left

rFire    + + .     SeeInvis .   d - +0 whip (elec)
rCold    x . .     Faith    .   c - +1 kite shield
rNeg     + . .     Spirit   .   o - +0 fire dragon scales
rPois    ∞         Reflect  .   (no helmet)
rElec    +         Harm     .   (no cloak)
rCorr    .         Rampage  .   j - +1 pair of gloves {Dex+3}
Will     .....                  (no boots)
Stlth    ..........             (no amulet)
HPRegen  0.20/turn              f - +4 ring of evasion
MPRegen  0.12/turn              (no ring)

@: no status effects
A: sickness immunity, AC +7, negative energy resistance 1, electricity
resistance, torment resistance 1, petrification resistance
a: Renounce Religion, Upheaval


You were on level 10 of the Dungeon.
You worshipped Qazlal.
Qazlal was pleased with you.
You visited 1 branch of the dungeon, and saw 8 of its levels.

You collected 270 gold pieces.

Inventory:

Hand Weapons
 a - a +0 flail
 d - a +0 whip of electrocution (weapon)
Missiles
 e - 9 boomerangs (quivered)
Armour
 b - a +0 scale mail
 c - a +1 kite shield (worn)
 j - a +1 pair of gloves of dexterity (worn)
 o - +0 fire dragon scales (worn)
Jewellery
 f - a +4 ring of evasion (left hand)
 g - a ring of ice
 k - an amulet of regeneration
 w - a ring of flight
Wands
 h - a wand of flame (34)
 n - a wand of paralysis (13)
 q - a wand of polymorph (10)
Scrolls
 m - 2 scrolls of brand weapon
Potions
 l - a potion of flight
 p - a potion of lignification {unknown}
 s - 2 potions of resistance
 u - 2 potions of attraction


   Skills:
 + Level 6.3 Fighting
 + Level 8.4 Maces & Flails
 + Level 8.1 Armour
 + Level 4.2 Dodging
 + Level 8.9 Shields


You had 9 spell levels left.
You didn't know any spells.
Your spell library contained the following spells:

 Spells                   Type           Power      Damage    Failure   Level
 Freeze                   Ice            0%         1d3       94%         1
 Frozen Ramparts          Ice            0%         1d2       100%        3
 Animate Dead             Necr           0%         N/A       100%        4
 Hailstorm                Conj/Ice       0%         3d3       100%        4
 Haunt                    Necr/Summ      0%         N/A       100%        7
 Infestation              Necr           0%         N/A       100%        8


Dungeon Overview and Level Annotations

Branches:
Dungeon (7/15)             Temple (0/1) D:4

Altars:
Dithmenos
Fedhas
Gozag
Makhleb
Nemelex Xobeh
Qazlal
Vehumet
Yredelemnul
Zin
The Shining One

Shops:
D:6 *


Innate Abilities, Weirdness & Mutations

You are immune to sickness and miasma.
Your stone body is resilient. (AC +7)
You are immune to poison.
You resist negative energy. (rN+)
You are resistant to electric shocks. (rElec)
You are resistant to unholy torment.
You are immune to petrification.


Message History

The death yak is lightly wounded.
You hit the death yak but do no damage.
Lightning courses through the death yak!
The death yak is moderately wounded.
The death yak barely misses you.
You hit the death yak but do no damage.
Lightning courses through the death yak!
The death yak is moderately wounded.
The death yak completely misses you.
You completely miss the death yak.
The death yak is moderately wounded.
The death yak gores you!
* * * LOW HITPOINT WARNING * * *
You barely miss the death yak.
The death yak is moderately wounded.
The death yak closely misses you.
You hit the death yak but do no damage.
The death yak is moderately wounded.
You block the death yak's attack.
You hit the death yak but do no damage.
The death yak is moderately wounded.
You block the death yak's attack.
You hit the death yak but do no damage.
The death yak is moderately wounded.
You hit the death yak but do no damage.
The death yak is moderately wounded.
The death yak gores you but does no damage.
You barely miss the death yak.
The death yak is moderately wounded.
The death yak completely misses you.
You hit the death yak.
Lightning courses through the death yak!
The death yak is heavily wounded.
The death yak snorts and paws the ground.
You block the death yak's attack.
You hit the death yak.
Lightning courses through the death yak!
The death yak is severely wounded.
The death yak gores you!
You die...

.# #. #.# .. #Y.
##.###..##.###.# .[..
#...##.........#.....
..#.....##.##.......[
#...##..##.##Y###.#
..#...............#
#...##.....##.#####
........#..##r#####.#
##.......##..rrY@...#
####....##.##########
## #....#.## .#
#.##..## .# #.##.##
.# #.##.# ........#
####.##.# #


You could see a death yak, a hell rat and 2 rats.

Vanquished Creatures
  2 death yaks (D:10)
  Pikel (D:4)
  A troll (D:10)
  Grinder (D:3)
  Prince Ribbit (D:6)
  Sigmund (D:3)
  Eustachio (D:6)
  2 ice beasts
  An orc warrior (D:7)
  A sky beast (D:6)
  A centaur (D:7)
  3 ogres
  A kobold brigand (D:6)
  2 bullfrogs
  3 scorpions
  2 centaur zombies
  5 hounds
  A bullfrog skeleton (D:5)
  2 centaur skeletons
  3 orc priests
  A gnoll shaman (D:3)
  Ijyb (D:3)
  4 orc wizards
  A hound skeleton (D:4)
  A howler monkey skeleton (D:7)
  3 gnolls (D:3)
  13 adders
  2 white imps
  An ufetubus (D:4)
  2 worms
  The ghost of cbfl8 the Sneak, a weakling MiDe (D:5)
  2 dart slugs (D:1)
  13 orcs
  9 ball pythons
  4 bats
  7 endoplasms
  2 giant cockroaches (D:1)
  5 goblins
  A hobgoblin (D:3)
  4 jackals (D:3)
  13 kobolds
  2 quokkas (D:1)
  7 frilled lizards
  A rat (D:2)
135 creatures vanquished.

Notes
Turn   | Place    | Note
-------+----------+-------------------------------------------
     0 | D:1      | zeram the Gargoyle Fighter began the quest for the Orb.
     0 | D:1      | Reached XP level 1. HP: 14/14 MP: 1/1
    45 | D:1      | Reached XP level 2. HP: 9/19 MP: 2/2
   731 | D:1      | Found a faded altar of an unknown god.
   763 | D:1      | Reached XP level 3. HP: 23/23 MP: 3/3
  1302 | D:2      | Found a basalt altar of Yredelemnul.
  1317 | D:2      | Reached XP level 4. HP: 18/29 MP: 4/4
  1797 | D:3      | HP: 1/29 [adder (1)]
  1798 | D:3      | Reached XP level 5. HP: 2/33 MP: 5/5
  2291 | D:3      | Noticed Sigmund
  2300 | D:3      | Killed Sigmund
  2301 | D:3      | Reached skill level 1 in Dodging
  2301 | D:3      | Reached XP level 6. HP: 38/38 MP: 6/6
  2305 | D:3      | Found a blossoming altar of Fedhas.
  2675 | D:3      | Noticed Grinder
  2688 | D:3      | Reached skill level 5 in Shields
  2688 | D:3      | Paralysed by Grinder for 4 turns
  2699 | D:3      | Killed Grinder
  2700 | D:3      | Reached skill level 5 in Maces & Flails
  2700 | D:3      | Reached XP level 7. HP: 21/44 MP: 7/7
  3083 | D:3      | Noticed Ijyb
  3100 | D:3      | Killed Ijyb
  3578 | D:3      | Found a glowing golden altar of the Shining One.
  3579 | D:3      | Found a radiant altar of Vehumet.
  3580 | D:3      | Found a stormy altar of Qazlal.
  3710 | D:3      | Became a worshipper of Qazlal Stormbringer
  3976 | D:4      | Found a glowing silver altar of Zin.
  4002 | D:4      | Noticed Pikel
  4020 | D:4      | Killed Pikel
  4021 | D:4      | Reached skill level 5 in Armour
  4021 | D:4      | Reached XP level 8. HP: 25/48 MP: 8/8
  4580 | D:4      | Found a burning altar of Makhleb.
  5006 | D:4      | Found a staircase to the Ecumenical Temple.
  5051 | D:5      | Entered Level 5 of the Dungeon
  5066 | D:5      | Reached skill level 5 in Fighting
  5143 | D:5      | Found a sparkling altar of Nemelex Xobeh.
  5537 | D:5      | Found a runed translucent door.
  5542 | D:5      | Noticed cbfl8's ghost (weakling MiDe)
  5973 | D:5      | Killed cbfl8's ghost
  6031 | D:6      | Noticed Eustachio
  6058 | D:6      | Killed Eustachio
  6215 | D:6      | Reached XP level 9. HP: 33/54 MP: 9/9
  6394 | D:6      | Found Rokec's Serpentskin Sales.
  6524 | D:6      | Reached * piety under Qazlal
  6603 | D:6      | Identified the +2 robe of Xabaqus {Will- rCorr MP+9 Str+5}
  6697 | D:6      | Found an opulent altar of Gozag.
  6698 | D:6      | Found a shadowy altar of Dithmenos.
  6991 | D:6      | Identified a scroll of acquirement
  6991 | D:6      | Acquired a +1 pair of gloves of dexterity
  7089 | D:7      | Noticed Prince Ribbit
  7123 | D:6      | Killed Prince Ribbit
  7568 | D:7      | Reached ** piety under Qazlal
  7624 | D:7      | You fall into a shaft and drop 3 floors!
  7624 | D:10     | Entered Level 10 of the Dungeon
  7624 | D:10     | Noticed a troll
  7641 | D:10     | Killed a troll
  7953 | D:10     | Noticed a death yak
  7953 | D:10     | Noticed a death yak
  7969 | D:10     | Noticed a death yak
  7990 | D:10     | Killed a death yak
  7991 | D:10     | Reached XP level 10. HP: 30/60 MP: 10/10
  8006 | D:10     | Killed a death yak
  8019 | D:10     | Mangled by a death yak

Illustrated notes

Levels and vault maps discovered:
D:1:      dpeg_arrival_shrine, layout_loops_ring,
          chequers_ecumenical_altar_simple, minivault_27, minmay_misc_feat_tiny,
          amcnicky_mini_pool_small
D:2:      layout_basic, basic_altar, skrybe_limestone_x
D:3:      layout_basic, mainiacjoe_overflow_alcove_3,
          chequers_serial_rivers_large_a, uniq_sigmund, uniq_ijyb, uniq_grinder
D:4:      layout_layer_cave, mainiacjoe_overflow_24_doors,
          mainiacjoe_overflow_paths, temple_hall, uniq_pikel
D:5:      minmay_general_purpose_star, layout_basic,
          nemelex_xobeh_ov_fountains_minmay, ebering_ghost_reflecting_pool
D:6:      layout_loops_ring, gammafunk_temple_overflow_statue, serial_glass,
          glass_columns_a, glass_columns_b, feat_on_display, item_on_display_a,
          feat_on_display, due_unseen_surprise, guppyfry_shop_venom,
          uniq_eustachio
D:7:      layout_rooms, uniq_prince_ribbit1, uniq_menkaure
D:10:     layout_loops_ring, mainiacjoe_overflow_brackets, dpeg_lair_monsters,
          minivault_15, uniq_maggie, uniq_snorg

Skill      XL: |  1  2  3  4  5  6  7  8  9 10 |
---------------+-------------------------------+-----
Shields        | 4 5 6 8 |  8.9
Maces & Flails | 3 4 5 6 8 |  8.4
Armour         | 4 5 6 7 8 |  8.1
Fighting       | 4 5 6 |  6.3
Dodging        | 1 2 3 4 |  4.2

Action                   |  1- 3 |  4- 6 |  7- 9 | 10-12 || total
-------------------------+-------+-------+-------+-------++-------
Melee: Flail             |   101 |    97 |       |       ||   198
       Whip              |       |    21 |   442 |    27 ||   490
Evoke: Wand              |       |       |       |     1 ||     1
  Use: Scroll            |     1 |       |    14 |       ||    15
       Potion            |       |     2 |     4 |       ||     6
Armor: Scale mail        |    86 |    70 |   147 |       ||   303
       Fire dragon scale |       |       |    14 |     3 ||    17
Dodge: Dodged            |    39 |    79 |   196 |     6 ||   320
Block: Kite shield       |    66 |   102 |   251 |     9 ||   428
